 Dungeon Crawl Stone Soup version 0.30-a0-748-ge6a52f7cba (webtiles) character file.

Game seed: 16144501597858652967

4 Crownlay the Firebug (level 1, 0/14 HPs)
             Began as a Hill Orc Fire Elementalist on Feb 8, 2023.
             Constricted to death by a ball python (1 damage)
             ... on level 2 of the Dungeon.
             The game lasted 00:00:32 (154 turns).

Crownlay the Firebug (Hill Orc Fire Elementalist)    Turns: 154, Time: 00:00:33

Health: 0/14       AC:  2    Str: 10    XL:     1   Next: 70%
Magic:  0/3        EV:  9    Int: 15    God:
Gold:   18         SH:  0    Dex: 11    Spells: 2/3 levels left

rFire   . . .      SeeInvis .    c - +0 whip
rCold   . . .      Faith    .    (no shield)
rNeg    . . .      Spirit   .    a - +0 robe
rPois   .          Reflect  .    (no helmet)
rElec   .          Harm     .    (no cloak)
rCorr   .          Rampage  .    (no gloves)
Will    .....                    (no boots)
Stlth   ++                       (no amulet)
HPRegen 0.22/turn                (no ring)
MPRegen 0.08/turn                (no ring)

@: constricted
A: no striking features
a: no special abilities


You were on level 2 of the Dungeon.
You visited 1 branch of the dungeon, and saw 2 of its levels.

You collected 18 gold pieces.

Inventory:

Hand Weapons
 c - a +0 whip (weapon)
Armour
 a - a +0 robe (worn)
Potions
 b - a potion of magic


   Skills:
 - Level 1.5 Dodging
 - Level 1.5 Stealth
 - Level 1.5 Spellcasting
 - Level 1.0 Conjurations
 * Level 3.7 Fire Magic


You had 2 spell levels left.
You knew the following spells:

 Your Spells              Type           Power      Damage    Failure   Level
a - Foxfire               Conj/Fire      32%        2x1d5     9%          1

Your spell library contained the following spells:

 Spells                   Type           Power      Damage    Failure   Level
 Scorch                   Fire           24%        2d6       8%          2
 Inner Flame              Hex/Fire       6%         N/A       32%         3
 Kindle Blastsparks       Fire/Tloc/Air  8%         2d10      38%         3
 Flame Wave               Conj/Fire      8%         2d5       65%         4


Dungeon Overview and Level Annotations

Branches:
Dungeon (1/15)

Altars:


Message History

The foxfire hits the endoplasm but does no damage.
You are out of magic!
You are out of magic!
A ball python comes into view.
The ball python hisses angrily.
The foxfire hits the giant cockroach.
The giant cockroach is almost dead.
The foxfire hits the endoplasm.
The endoplasm is moderately wounded.
The foxfire hits the endoplasm but does no damage.
The endoplasm is moderately wounded.
The endoplasm barely misses you.
You completely miss the endoplasm.
The endoplasm is moderately wounded.
The endoplasm hits you.
Your magical contamination has completely faded away.
You closely miss the giant cockroach.
The giant cockroach is almost dead.
The ball python closely misses you. The ball python grabs you.
The ball python constricts you. The endoplasm hits you.
The giant cockroach closely misses you.
You hit the ball python.
The ball python is severely wounded.
The ball python bites you but does no damage.
The ball python constricts you. The giant cockroach closely misses you.
The endoplasm hits you but does no damage.
The ball python bites you. The ball python constricts you.
The giant cockroach bites you.
You are too injured to fight recklessly!
Casting: Foxfire (safe; 9% risk of failure)
Confirm with . or Enter, or press ? or * to list all spells.
You don't have enough magic to cast this spell.
You closely miss the giant cockroach.
The giant cockroach is almost dead.
The endoplasm hits you.
* * * LOW HITPOINT WARNING * * *
The ball python bites you.
* * * LOW HITPOINT WARNING * * *
The ball python constricts you.
You die...

#§...#..÷.÷. ##......#
#......÷. #.......#
##.8..÷.÷ #.......#
#.......
#.......##########8†....
##......................
#.......######....#...._
#.....SJ# ###..#########
#.....B@###...##
##.....†....###
#.........## #........##
#..:.....# #..........
..........###
........... .........##


You could see an endoplasm, a giant cockroach and a ball python.

Vanquished Creatures
  A bat (D:2)
  A kobold (D:2)
  A quokka (D:2)
  A ball python (D:2)
4 creatures vanquished.

Vanquished Creatures (others)
  13 foxfires (D:2)
13 creatures vanquished.

Grand Total: 17 creatures vanquished

Notes
Turn   | Place    | Note
-------+----------+-------------------------------------------
     0 | D:1      | Crownlay the Hill Orc Fire Elementalist began the quest for
                  | the Orb.
     0 | D:1      | Reached XP level 1. HP: 14/14 MP: 3/3
    37 | D:1      | You fall into a shaft and drop 1 floor!
    37 | D:2      | Found a faded altar of an unknown god.
   154 | D:2      | Constricted to death by a ball python

Illustrated notes

Levels and vault maps discovered:
D:1:      mrwooster_arrival_statue_2, layout_loops_ring, minivault_11,
          chequers_serial_rivers_micro_d, corexii_leaking_fountain,
          grunt_decor_resistance, chequers_garden
D:2:      layout_rooms, shapermc_ecumenical_altar_pompeii, uniq_sigmund

Action                     || total
---------------------------++-------
  Melee: Whip              ||     4
         Unarmed           ||     2
   Cast: Foxfire           ||     8
 Armour: Robe              ||     3
  Dodge: Dodged            ||     5

Table legend: (Time is in decaauts)
 A = Elapsed time spent in this place.
 B = Non-inter-level travel time spent in this place.
 C = Inter-level travel time spent in this place.
 D = Time resting spent in this place.
 E = Time spent auto-exploring this place.
 F = Levels seen in this place.
 G = Mean time per level.
                   A        B        C        D        E       F      G
               +--------+--------+--------+--------+--------+-----+--------+
         Total |    153 |    153 |      0 |     23 |     80 |   2 |   76.5 |
       Dungeon |    153 |    153 |      0 |     23 |     80 |   2 |   76.5 |
               +--------+--------+--------+--------+--------+-----+--------+

Top non-repeatable levels by time:
     D:2: 116 daAuts
     D:1: 37 daAuts
